 Dungeon Crawl Stone Soup version 0.29-a0-221-gceb61267dd (webtiles) character file.

Game seed: 13448054947426816262

96511 Ajdolov the Grappler (level 15, -16/156 HPs)
             Began as a Troll Monk on Feb 27, 2022.
             Was the Champion of Jiyva.
             Killed from afar by an ironbound frostheart (34 damage)
             ... by creeping frost
             ... led by a vault warden
             ... on level 1 of the Vaults.
             The game lasted 01:04:42 (25024 turns).

Ajdolov the Grappler (Troll Monk)                  Turns: 25024, Time: 01:04:42

Health: -16/156    AC: 15    Str: 32    XL:     15   Next: 32%
Magic:  9/14       EV: 11    Int:  6    God:    Jiyva [******]
Gold:   2072       SH:  5    Dex: 12    Spells: 14/14 levels left

rFire   . . .      SeeInvis +     - Unarmed
rCold   + . .      Faith    .   (no shield)
rNeg    + . .      Spirit   .   K - +0 pearl dragon scales
rPois   .          Reflect  +   (helmet unavailable)
rElec   +          Harm     .   (no cloak)
rCorr   +          Rampage  .   (gloves unavailable)
Will    +....      Clarity  +   (boots unavailable)
Stlth   +.........              Q - amulet of reflection
HPRegen 2.76/turn               N - ring of see invisible
MPRegen 0.64/turn               a - ring of Epsecu {Contam rElec rC+ Str+3 Slay+3}

@: slimy
A: large, unfitting armour, claws 3, regeneration 1, shaggy fur 1, tough skin 1,
horns 3, clarity, wild magic 1, translucent skin 2, tendrils, jelly absorbing
missiles
}: 1/15 runes: slimy
a: Renounce Religion, Oozemancy, Slimify


You were on level 1 of the Vaults.
You worshipped Jiyva.
Jiyva was exalted by your worship.
You visited 5 branches of the dungeon, and saw 29 of its levels.
You also visited: Trove and Ossuary.

You collected 2282 gold pieces.
You spent 210 gold pieces at shops.

Inventory:

Missiles
 m - a curare-tipped dart
 C - 2 throwing nets
 E - 15 large rocks (quivered)
 W - 6 silver javelins
Armour
 K - +0 pearl dragon scales (worn)
Jewellery
 a - the ring of Epsecu (right claw) {Contam rElec rC+ Str+3 Slay+3}
   (You found it on level 5 of the Pits of Slime)

   [ring of protection from cold]

   Str:       It affects your strength (+3).
   Slay:      It affects your accuracy & damage with ranged weapons and melee
   (+3).
   rC:        It protects you from cold.
   rElec:     It insulates you from electricity.
   Contam:    It causes magical contamination when unequipped.
 L - a ring of protection from fire
 N - a ring of see invisible (left claw)
 O - the ring "Fuamoxav" {*Corrode rElec Will+ Str+3}
   (You found it on level 5 of the Pits of Slime)

   [ring of willpower]

   Str:       It affects your strength (+3).
   rElec:     It insulates you from electricity.
   *Corrode:  It may corrode you when you take damage.
   Will:      It increases your willpower.
 P - the ring "Huun" {Ice rN+ Str+2 Int+2 Dex+3}
   (You found it in a treasure trove)

   [ring of ice]

   It enhances your ice magic.
   Str:       It affects your strength (+2).
   Int:       It affects your intelligence (+2).
   Dex:       It affects your dexterity (+3).
   rF:        It makes you vulnerable to fire.
   rC:        It protects you from cold.
   rN:        It protects you from negative energy.
 Q - an amulet of reflection (around neck)
 R - a ring of poison resistance
 U - the macabre finger necklace {rN+}
   (You found it on level 5 of the Pits of Slime)

   [amulet of nothing]

   It enables you to equip an extra ring.
   rN:        It protects you from negative energy.
Wands
 g - a wand of mindburst (8)
 r - a wand of polymorph (6)
 v - a wand of paralysis (3)
 x - a wand of charming (8)
 y - a wand of digging (6)
 M - a wand of flame (9)
 V - a wand of iceblast (8)
 Z - a wand of acid (13)
Scrolls
 c - 11 scrolls of teleportation
 d - 2 scrolls of amnesia
 e - a scroll of torment
 f - 3 scrolls of fear
 h - a scroll of summoning
 i - a scroll of magic mapping
 j - 4 scrolls of immolation
 k - 2 scrolls of enchant armour
 l - 4 scrolls of identify
 o - 4 scrolls of fog
 q - 4 scrolls of silence
 u - 3 scrolls of brand weapon
 A - 2 scrolls of noise
 B - 4 scrolls of vulnerability
 D - 5 scrolls of enchant weapon
 T - a scroll of blinking
 Y - a scroll of holy word
Potions
 b - 2 potions of resistance {unknown}
 n - 4 potions of mutation
 p - 4 potions of flight
 s - 4 potions of ambrosia
 t - 5 potions of lignification
 w - 3 potions of curing
 z - 2 potions of magic {unknown}
 H - 2 potions of invisibility {unknown}
 I - 3 potions of brilliance {unknown}
 J - a potion of experience {unknown}
Miscellaneous
 G - a tin of tremorstones (2/2)
 S - a lightning rod (4/4)


   Skills:
 - Level 11.6 Fighting
 - Level 11.0 Throwing
 + Level 8.2 Armour
 + Level 8.2 Dodging
 - Level 1.0 Stealth
 * Level 14.8 Unarmed Combat
 - Level 6.7 Evocations


You had 14 spell levels left.
You didn't know any spells.
Your spell library contained the following spells:

 Spells                   Type           Power      Damage    Failure   Level
 Foxfire                  Conj/Fire      0%         2x1d4     78%         1
 Shock                    Conj/Air       0%         1d3       78%         1
 Summon Small Mammal      Summ           0%         N/A       78%         1
 Blink                    Tloc           0%         N/A       88%         2
 Corpse Rot               Necr/Air       0%         N/A       88%         2
 Sublimation of Blood     Necr           0%         N/A       88%         2
 Wereblood                Tmut           0%         N/A       88%         2
 Call Canine Familiar     Summ           0%         N/A       98%         3
 Dazzling Flash           Conj/Hex       0%         N/A       98%         3
 Gell's Gravitas          Tloc           0%         N/A       98%         3
 Lesser Beckoning         Tloc           0%         N/A       98%         3
 Mephitic Cloud           Conj/Pois/Air  0%         N/A       98%         3
 Stone Arrow              Conj/Erth      0%         3d7       98%         3
 Summon Guardian Golem    Hex/Summ       0%         N/A       98%         3
 Swiftness                Air            0%         N/A       98%         3
 Teleport Other           Tloc           0%         N/A       98%         3
 Airstrike                Air            0%         N/A       100%        4
 Animate Armour           Summ/Erth      0%         N/A       100%        4
 Cause Fear               Hex            0%         N/A       100%        4
 Dispel Undead            Necr           0%         3d6       100%        4
 Hailstorm                Conj/Ice       0%         3d3       100%        4
 Summon Ice Beast         Ice/Summ       0%         N/A       100%        4
 Alistair's Intoxication  Tmut/Pois      0%         N/A       100%        5
 Borgnjor's Vile Clutch   Necr/Erth      0%         N/A       100%        5
 Iskenderun's Battlesphe  Conj           0%         2d6       100%        5
 Manifold Assault         Tloc           0%         N/A       100%        5
 Summon Mana Viper        Hex/Summ       0%         N/A       100%        5
 Death Channel            Necr           0%         N/A       100%        6
 Eringya's Noxious Bog    Tmut/Pois      0%         N/A       100%        6
 Dragon Form              Tmut           0%         N/A       100%        7
 Monstrous Menagerie      Summ           0%         N/A       100%        7
 Storm Form               Tmut/Air       0%         N/A       100%        7
 Summon Hydra             Summ           0%         N/A       100%        7
 Lehudib's Crystal Spear  Conj/Erth      0%         10d2      100%        8
 Dragon's Call            Summ           0%         N/A       100%        9
 Polar Vortex             Ice            0%         N/A       100%        9


Dungeon Overview and Level Annotations

Branches:
Dungeon (15/15)            Temple (0/1) D:4            Lair (6/6) D:8
  Swamp (0/4) Lair:4       Spider (0/4) Lair:3        Slime (5/5) Lair:6
    Orc (2/2) D:10            Elf (0/3) Orc:2        Vaults (1/5) D:14
 Depths (0/4) D:15        Ossuary (visited)

Altars:
Ashenzari
Hepliaklqana
Kikubaaqudgha
Qazlal
Ru
Sif Muna
The Shining One
Jiyva

Shops:
D:1 [   D:2 !   D:3 *   D:7 !   D:12 :   Orc:1 :   Orc:2 *==:

Annotations:
D:9 3 runed translucent doors
D:12 2 transporters, Suepurphiel's ghost, journeyman PaFi
Slime:3 Dissolution
Slime:5 Royal Jelly


Innate Abilities, Weirdness & Mutations

You are too large for most types of armour.
You have claws for hands.
Your natural rate of healing is unusually fast.
You are covered in fur. (AC +1)
You have tough skin. (AC +1)
You have a pair of large horns on your head.
You possess an exceptional clarity of mind.
Your spells are a little harder to cast, but a little more powerful.
Your translucent skin reduces your foes' accuracy. (Stealth+)
You are covered in slimy tendrils that may disarm your opponents.
You have a small jelly attached to you that may absorb projectiles.


Message History

You claw the vault warden!
The vault warden is almost dead.
The vault warden hits you with a +0 battleaxe.
The ironbound frostheart touches you.
* * * LOW HITPOINT WARNING * * *
The ironbound frostheart freezes you! You resist.
* * * LOW HITPOINT WARNING * * *
You closely miss the vault warden.
The vault warden is almost dead.
The runic seals fade away.
You hear a distant slurping noise.
The vault warden hits you with a +0 battleaxe!!
* * * LOW HITPOINT WARNING * * *
The ironbound frostheart touches you.
* * * LOW HITPOINT WARNING * * *
The ironbound frostheart freezes you. You resist.
* * * LOW HITPOINT WARNING * * *
Okay, then.
Okay, then.
Blink to where?
Press: ? - help, Dir - move target
As you read the scroll of blinking, it crumbles to dust.
Aiming: Iceblast
Press: ? - help, Shift-Dir - straight line The mass of ice explodes!
The iceblast engulfs the ironbound frostheart!!
The ironbound frostheart partially resists.
The ironbound frostheart is moderately wounded.
The iceblast engulfs the ironbound frostheart!
The ironbound frostheart partially resists.
The ironbound frostheart is moderately wounded.
The vault warden activates a sealing rune.
Okay, then.
You feel better.
Okay, then.
Okay, then.
A thick mucus forms on your claws.
The ironbound frostheart calls freezing cold from the walls.
The frost grips you!! You partially resist.
You die...

... ...
.... ...
###+#####
#......@#
#.....[.#
#.......#
#...p...#
+.......#
#.p..p..#
#..[....#
#..)<...#
#.......#


You could see a vault warden and 2 ironbound frosthearts.

Vanquished Creatures
  2 acid blobs (Lair:6)
  An orc warlord (Orc:2)
  Harold (D:7)
  8 hydras
  2 vault guards
  2 boulder beetles (Lair:2)
  An ogre mage (D:15)
  2 centaur warriors
  Erica (Lair:1)
  4 two-headed ogres
  A death knight (D:14)
  5 death yaks
  Urug (D:9)
  A tengu warrior (D:14)
  8 skeletal warriors
  2 wizards (D:15)
  6 orc knights
  Pikel (D:4)
  A deep elf pyromancer (D:12)
  A deep elf zephyrmancer (D:15)
  A necromancer (D:15)
  14 ugly things
  3 orc sorcerers
  3 cyclopes (D:14)
  A wolf spider (Lair:3)
  6 black mambas
  2 vault sentinels (Vaults:1)
  2 manticores (D:15)
  A centaur zombie (D:15)
  2 gargoyles
  6 cane toads
  An unseen horror (D:12)
  6 komodo dragons
  2 torpor snails (Lair:6)
  A rime drake (Lair:2)
  5 yaktaurs (D:15)
  3 freezing wraiths
  An efreet (D:15)
  2 meliai (D:14)
  3 polar bears (Lair:6)
  9 trolls
  2 guardian mummies (D:10)
  7 hornets
  Prince Ribbit (D:5)
  9 blink frogs
  A slime creature (Lair:6)
  Sigmund (D:4)
  A meliai zombie (D:15)
  A centaur simulacrum (D:15)
  12 spriggans
  46 yaks
  5 wyverns
  2 wraiths
  2 steam dragons
  4 basilisks
  11 vampire mosquitoes
  3 wargs
  Menkaure (D:5)
  17 water moccasins
  An acid dragon (D:13)
  Edmund (D:5)
  3 black bears (Lair:6)
  40 orc warriors
  2 sky beasts (D:5)
  A necrophage (D:8)
  11 ogres
  5 boggarts (Lair:6)
  4 phantoms
  40 wolves
  9 centaurs
  A kobold brigand (D:9)
  12 bullfrogs
  2 elf zombies (Ossuary)
  5 scorpions
  20 killer bees
  A howler monkey (D:10)
  9 wights
  3 jellies
  8 orc priests
  A gnoll shaman (D:6)
  3 iguanas
  15 orc wizards
  3 mummies (Ossuary)
  Robin (D:3)
  14 adders
  12 gnolls
  2 white imps
  An adder zombie (Ossuary)
  4 worms
  68 orcs
  8 ball pythons
  8 endoplasms
  2 giant cockroaches
  18 goblins
  11 hobgoblins
  5 jackals
  3 quokkas
  4 bats
  2 frilled lizards
  2 goblin zombies (Ossuary)
  6 hobgoblin zombies (Ossuary)
  9 kobolds
  2 kobold zombies (Ossuary)
  An orc zombie (Ossuary)
  3 quokka zombies (Ossuary)
  5 rats
  A rat zombie (Ossuary)
643 creatures vanquished.

Vanquished Creatures (others)
  A centaur warrior (D:14)
  A glowing orange brain (D:9)
  4 slime creatures (D:14)
  A meliai (D:14)
  A wolf (Lair:6)
  A centaur (Orc:2)
  40 jellies
  A bush (Lair:6)
  52 fungi
  73 plants
175 creatures vanquished.

Grand Total: 818 creatures vanquished

Notes
Turn   | Place    | Note
-------+----------+-------------------------------------------
     0 | D:1      | Ajdolov the Troll Monk began the quest for the Orb.
     0 | D:1      | Reached XP level 1. HP: 22/22 MP: 0/0
   219 | D:1      | Reached XP level 2. HP: 26/29 MP: 1/1
   447 | D:1      | Reached skill level 4 in Unarmed Combat
   707 | D:1      | Found Wihil's Antique Armour Emporium.
   973 | D:2      | Reached XP level 3. HP: 36/36 MP: 2/2
  1206 | D:2      | Reached XP level 4. HP: 36/44 MP: 3/3
  1255 | D:2      | Identified the +0 helmet of Devotion {*Slow rElec Will+++
                  | Int+6}
  1273 | D:2      | Reached skill level 5 in Unarmed Combat
  1536 | D:2      | Found Jeronea's Distillery.
  1541 | D:2      | Bought a potion of heal wounds for 60 gold pieces
  1687 | D:3      | Got the Volume of Confrontation
  1688 | D:3      | Identified the +0 scale mail "Leeruch" {rCorr}
  1737 | D:3      | Found Wuxteamu's General Store.
  1798 | D:3      | Bought a scroll of identify for 22 gold pieces
  1996 | D:3      | Noticed Robin
  1999 | D:3      | Reached XP level 5. HP: 42/50 MP: 4/4
  2013 | D:3      | Killed Robin
  2055 | D:3      | Reached skill level 6 in Unarmed Combat
  2499 | D:4      | Noticed Sigmund
  2501 | D:4      | Found a staircase to the Ecumenical Temple.
  2513 | D:4      | Killed Sigmund
  2514 | D:4      | Reached skill level 7 in Unarmed Combat
  2514 | D:4      | Reached XP level 6. HP: 40/59 MP: 5/5
  2561 | D:4      | Found a broken altar of Ashenzari.
  2620 | D:4      | Found a shimmering blue altar of Sif Muna.
  2803 | D:4      | Reached skill level 8 in Unarmed Combat
  2803 | D:4      | Reached XP level 7. HP: 59/66 MP: 6/6
  3576 | D:5      | Entered Level 5 of the Dungeon
  3679 | D:5      | Reached skill level 9 in Unarmed Combat
  3744 | D:5      | Found a glowing golden altar of the Shining One.
  3769 | D:5      | Noticed Prince Ribbit
  3838 | D:5      | Killed Prince Ribbit
  3839 | D:5      | Reached skill level 10 in Unarmed Combat
  3839 | D:5      | Reached XP level 8. HP: 30/74 MP: 7/7
  3914 | D:5      | Noticed Menkaure
  3919 | D:5      | Killed Menkaure
  3975 | D:5      | Noticed Edmund
  3999 | D:5      | Killed Edmund
  4628 | D:5      | Reached skill level 5 in Dodging
  4633 | D:5      | Reached XP level 9. HP: 41/77 MP: 8/8
  4681 | D:6      | HP: 2/66 [wight/+2 mace of freezing (6)]
  4797 | D:6      | Noticed Pikel
  4941 | D:4      | Killed Pikel
  5351 | D:6      | Reached skill level 5 in Fighting
  5624 | D:7      | Found a sand-covered staircase.
  5667 | D:7      | Found Lounem's Distillery.
  5735 | D:7      | Bought a potion of heal wounds for 80 gold pieces
  5735 | D:7      | Bought a potion of curing for 48 gold pieces
  6119 | Ossuary  | Entered an ossuary
  6411 | D:7      | Noticed Harold
  6432 | D:7      | Killed Harold
  6433 | D:7      | Reached XP level 10. HP: 76/98 MP: 9/9
  6459 | D:7      | Found the +8 trident of the Octopus King {venom, rElec
                  | rPois}
  7564 | D:8      | Found a staircase to the Lair.
  8096 | D:9      | Found a runed translucent gate.
  8097 | D:9      | Found a runed translucent gate.
  8097 | D:9      | Found a runed translucent gate.
  8098 | D:9      | Noticed a glowing orange brain
  8098 | D:9      | Noticed a white ugly thing
  8099 | D:9      | Noticed a white ugly thing
  8099 | D:9      | Noticed a white ugly thing
  8099 | D:9      | Noticed a white ugly thing
  8102 | D:9      | Noticed a green ugly thing
  8415 | D:10     | Entered Level 10 of the Dungeon
  8415 | D:10     | Found a staircase to the Orcish Mines.
  8500 | D:10     | Noticed Urug
  8520 | D:9      | Killed Urug
  8859 | D:10     | Reached XP level 11. HP: 99/115 MP: 10/10
  9054 | D:10     | Found a portal to a secret trove of treasure.
  9093 | Trove    | Entered a treasure trove
  9123 | Trove    | Identified the +1 robe "Jeasejin" {Drain Str+7}
  9125 | Trove    | Identified the +0 robe "Pas Uriklira" {Rampage rC++ Dex-3
                  | Slay+2}
  9149 | Trove    | Identified the ring "Huun" {Ice rN+ Str+2 Int+2 Dex+3}
  9320 | D:10     | Reached skill level 10 in Fighting
  9445 | D:10     | Found a sacrificial altar of Ru.
  9523 | D:10     | Noticed a seven-headed hydra
 10167 | D:10     | Killed a seven-headed hydra
 10168 | D:10     | Reached skill level 1 in Armour
 10354 | Lair:1   | Entered Level 1 of the Lair of Beasts
 10405 | Lair:1   | Identified a scroll of acquirement
 10405 | Lair:1   | Acquired 774 gold pieces
 10456 | Lair:1   | Noticed Erica
 10458 | Lair:1   | Noticed an eight-headed hydra
 10593 | Lair:1   | Reached skill level 11 in Unarmed Combat
 10720 | Lair:1   | Killed Erica
 10946 | Lair:1   | Noticed a five-headed hydra
 10965 | Lair:1   | Killed a five-headed hydra
 11114 | Lair:1   | You fall into a shaft and drop 1 floor!
 11145 | Lair:2   | Noticed a boulder beetle
 11160 | Lair:2   | Killed a boulder beetle
 11185 | Lair:2   | Reached skill level 5 in Armour
 11315 | Lair:2   | Noticed a five-headed hydra
 11385 | Lair:1   | Killed an eight-headed hydra
 11386 | Lair:1   | Reached XP level 12. HP: 54/126 MP: 11/11
 11744 | Lair:2   | Killed a nine-headed hydra
 11877 | Lair:2   | Noticed a boulder beetle
 11896 | Lair:2   | Killed a boulder beetle
 12465 | Lair:3   | Found a hole to the Spider Nest.
 12476 | Lair:3   | Reached skill level 1 in Throwing
 12692 | Lair:3   | Reached skill level 12 in Unarmed Combat
 13040 | Lair:3   | Noticed an eight-headed hydra
 13076 | Lair:3   | Killed an eight-headed hydra
 14118 | Lair:4   | Found a staircase to the Swamp.
 14184 | Lair:4   | Noticed a six-headed hydra
 14190 | Lair:4   | Killed a seven-headed hydra
 14854 | Lair:5   | Noticed a death yak
 14874 | Lair:5   | Noticed a death yak
 14876 | Lair:5   | Noticed a death yak
 14878 | Lair:5   | Killed a death yak
 14879 | Lair:5   | Reached skill level 5 in Throwing
 14886 | Lair:5   | Killed a death yak
 14887 | Lair:5   | Reached XP level 13. HP: 122/135 MP: 12/12
 15650 | Lair:6   | Entered Level 6 of the Lair of Beasts
 15801 | Lair:6   | Reached skill level 13 in Unarmed Combat
 15838 | Lair:6   | Found a runed translucent door.
 15899 | Lair:6   | Noticed an acid blob
 15900 | Lair:6   | Found a viscous altar of Jiyva.
 15900 | Lair:6   | Noticed an acid blob
 15901 | Lair:6   | Found a staircase to the Slime Pits.
 15914 | Lair:6   | Killed an acid blob
 15923 | Lair:6   | Killed an acid blob
 15936 | Lair:6   | Became a worshipper of Jiyva Jelluulo the Shapeless
 15936 | Lair:6   | Reached * piety under Jiyva
 15936 | Lair:6   | Reached ** piety under Jiyva
 16789 | Lair:6   | Identified the +6 dagger of Luxury {venom, Fly rElec rF-
                  | Str+5}
 16866 | Lair:6   | Reached skill level 14 in Unarmed Combat
 17040 | Lair:6   | Reached *** piety under Jiyva
 17136 | Lair:6   | Reached skill level 1 in Evocations
 17934 | D:11     | Reached XP level 14. HP: 109/144 MP: 13/13
 18319 | D:12     | Gained mutation: Your translucent skin slightly reduces
                  | your foes' accuracy. (Stealth+) [Jiyva's grace]
 18319 | D:12     | Gained mutation: Your translucent skin reduces your foes'
                  | accuracy. (Stealth+) [Jiyva's grace]
 18319 | D:12     | Gained mutation: Your transparent skin significantly
                  | reduces your foes' accuracy. (Stealth+) [Jiyva's grace]
 18319 | D:12     | Gained mutation: You are covered in slimy tendrils that may
                  | disarm your opponents. [Jiyva's grace]
 18330 | D:12     | Reached **** piety under Jiyva
 18503 | D:12     | Found Piruruig's Book Boutique.
 18576 | D:12     | Found a stormy altar of Qazlal.
 18788 | D:12     | Found a transporter.
 18853 | D:12     | Identified the +3 great mace of Compulsion {flame, rC+
                  | rCorr Str-4 Int+4}
 18855 | D:12     | Found a transporter.
 18855 | D:12     | Noticed Suepurphiel's ghost (journeyman PaFi)
 19068 | D:13     | Reached ***** piety under Jiyva
 19377 | D:13     | Found an ancient bone altar of Kikubaaqudgha.
 19786 | D:14     | Lost mutation: You are covered in slimy tendrils that may
                  | disarm your opponents. [Jiyva's grace]
 19786 | D:14     | Gained mutation: You are covered in slimy tendrils that may
                  | disarm your opponents. [Jiyva's grace]
 19786 | D:14     | Gained mutation: You have a small jelly attached to you
                  | that may absorb projectiles. [Jiyva's grace]
 19786 | D:14     | Gained mutation: You have a pair of small horns on your
                  | head. [Jiyva's grace]
 19786 | D:14     | Gained mutation: You have a pair of horns on your head.
                  | [Jiyva's grace]
 19839 | D:14     | Found a sacrificial altar of Ru.
 20516 | D:14     | Reached skill level 5 in Evocations
 20573 | D:14     | Found a gate to the Vaults.
 20660 | D:15     | Entered Level 15 of the Dungeon
 20727 | D:15     | Paralysed by an orc sorcerer for 7 turns
 20758 | D:15     | Reached skill level 10 in Throwing
 20777 | D:15     | Found a staircase to the Depths.
 20878 | D:15     | Identified the +3 quarterstaff of Vufiolei {drain, rF+
                  | Str+6 Int+4}
 21262 | D:15     | Found a hazy altar of Hepliaklqana.
 21363 | D:15     | Reached XP level 15. HP: 130/154 MP: 14/14
 22058 | D:15     | Reached ****** piety under Jiyva
 22385 | Slime:1  | Entered Level 1 of the Pits of Slime
 22451 | Slime:2  | Noticed an acid blob
 22472 | Slime:2  | Noticed an azure jelly
 22504 | Slime:2  | Noticed an acid blob
 22520 | Slime:2  | Noticed an acid blob
 22569 | Slime:2  | Noticed an acid blob
 22720 | Slime:3  | Noticed Dissolution
 22720 | Slime:3  | Noticed an acid blob
 22723 | Slime:3  | Noticed an acid blob
 22909 | Slime:3  | Noticed an acid blob
 22931 | Slime:3  | Noticed an acid blob
 22934 | Slime:4  | Noticed an acid blob
 22961 | Slime:4  | Noticed an acid blob
 22965 | Slime:5  | Entered Level 5 of the Pits of Slime
 22976 | Slime:5  | Noticed a rockslime
 22990 | Slime:5  | Noticed an acid blob
 22990 | Slime:5  | Noticed an azure jelly
 22992 | Slime:5  | Noticed an acid blob
 22994 | Slime:5  | Found a viscous altar of Jiyva.
 22994 | Slime:5  | Noticed the Royal Jelly
 22994 | Slime:5  | Noticed an acid blob
 22994 | Slime:5  | Noticed an acid blob
 22994 | Slime:5  | Noticed an acid blob
 22995 | Slime:5  | Noticed an acid blob
 22996 | Slime:5  | Noticed an azure jelly
 22996 | Slime:5  | Noticed an azure jelly
 22996 | Slime:5  | Noticed an acid blob
 22998 | Slime:5  | Noticed an acid blob
 23000 | Slime:5  | Identified the ring of Epsecu {Contam rElec rC+ Str+3
                  | Slay+3}
 23008 | Slime:5  | Identified the ring "Fuamoxav" {*Corrode rElec Will+ Str+3}
 23012 | Slime:5  | Got a slimy rune of Zot
 23015 | Slime:5  | Found the macabre finger necklace {rN+}
 23022 | Slime:5  | Got the Disquisition on the Glacial Birds
 23067 | Slime:5  | Noticed a rockslime
 23467 | Orc:1    | Entered Level 1 of the Orcish Mines
 23476 | Orc:1    | Found Qiurrukh's Book Boutique.
 23675 | Orc:1    | Lost mutation: You have a pair of horns on your head.
                  | [Jiyva's grace]
 23675 | Orc:1    | Lost mutation: Your transparent skin significantly reduces
                  | your foes' accuracy. (Stealth+) [Jiyva's grace]
 23675 | Orc:1    | Gained mutation: You have a pair of horns on your head.
                  | [Jiyva's grace]
 23675 | Orc:1    | Gained mutation: You have a pair of large horns on your
                  | head. [Jiyva's grace]
 23675 | Orc:1    | Gained mutation: You possess an exceptional clarity of
                  | mind. [Jiyva's grace]
 23675 | Orc:1    | Gained mutation: Your spells are a little harder to cast,
                  | but a little more powerful. [Jiyva's grace]
 23846 | Orc:2    | Entered Level 2 of the Orcish Mines
 24504 | Orc:2    | Found Hiys's Jewellery Emporium.
 24504 | Orc:2    | Found Fiapnaod's Jewellery Shop.
 24506 | Orc:2    | Found Gyk Zedgh's Book Boutique.
 24510 | Orc:2    | Found Sathu's Assorted Antiques.
 24556 | Orc:2    | Found a staircase to the Elven Halls.
 24591 | Orc:2    | Noticed an orc warlord
 24608 | Orc:2    | Killed an orc warlord
 24884 | Vaults:1 | Entered Level 1 of the Vaults
 24892 | Vaults:1 | Noticed a vault warden
 25020 | Vaults:1 | HP: 2/156 [ironbound frostheart[a vault warden] (6)]
 25024 | Vaults:1 | Killed from afar by an ironbound frostheart

Illustrated notes

Levels and vault maps discovered:
D:1:      dpeg_arrival_erosion, layout_basic, serial_shops, shop
D:2:      layout_loops_ring, serial_shops, nicolae_shop_statue_plus
D:3:      layout_basic, serial_shops, nicolae_shop_waterfront,
          minmay_misc_feat_doors, fountainhead, uniq_robin
D:4:      layout_basic, mainiacjoe_overflow_catch_the_wave, temple_fountains,
          chequers_big_river, uniq_sigmund
D:5:      layout_cave_pods, mainiacjoe_overflow_brackets, uniq_prince_ribbit1,
          uniq_menkaure, uniq_edmund
D:6:      layout_gridville, uniq_pikel
D:7:      layout_loops_ring, enter_ossuary_1, serial_shops,
          nicolae_shop_window_shopping, enter_bailey_6, serial_park_tiny_1,
          uniq_harold
D:8:      layout_loops_ring
D:9:      layout_rooms, ploomutoo_gammafunk_ghost_potion_laboratory
D:10:     layout_long_grid, mainiacjoe_overflow_six_doors_small,
          minmay_orc_entry_guard_dogs, nicolae_trove_entry_path_of_doom,
          uniq_urug
D:11:     layout_basic, fungi_pond_lemuel
D:12:     layout_irregular_city, gammafunk_ghost_smash, serial_shops,
          nicolae_diamond_shop, nicolae_qazlal_eye_of_the_storm
D:13:     layout_stronghold, kiku_gazebo_pond_becter
D:14:     layout_cave_pools, david_vaults_5, nicolae_ru_sacrificial_ziggurat
D:15:     grunt_enter_depths_magical_seal, layout_layer_cave,
          portal_ice_cave_entry_horrid_things, nicolae_hepliaklqana_hazy_memory,
          hex_medium, palyth_stone_intersect
Lair:1:   layout_small_grid, uniq_erica
Lair:2:   layout_long_grid, gauntlet_entry_generic,
          chequers_serial_rivers_micro_e, beast_lair_carwin_2,
          grunt_megastairs_5
Lair:3:   layout_layer_cave, spider_nest_entry_rubble
Lair:4:   layout_cellular_growth, minmay_swamp_entry_swarm,
          infiniplex_staircase_pool, grunt_megastairs_1
Lair:5:   layout_small_grid
Lair:6:   minmay_lair_end_enchanted_forest, layout_regular_city, slime_altar_2
Slime:1:  layout_caves
Slime:2:  layout_caves
Slime:3:  layout_caves, dissolution_awaits
Slime:4:  layout_caves, cheibrodos_slime_lost_civilization_4
Slime:5:  uniq_dissolution
Orc:1:    layout_caves, serial_shops, shop
Orc:2:    st_orc_rangers, layout_caves
Vaults:1: vaults_room_door_ring, serial_ice_m, v_misc_31, v_pattern_3,
          v_alt_pattern_5, v_misc_19, special_room_vaults [special_room_orc],
          nicolae_vaults_border_crossing, vaults_mumra_lcd,
          nicolae_vaults_little_ls, hangedman_vaults_stream,
          layout_vaults_big_room

Skill      XL: |  1  2  3  4  5  6  7  8  9 10 11 12 13 14 15 |
---------------+----------------------------------------------+-----
Unarmed Combat | 4 5 7 8 10 11 12 14 | 14.8
Dodging        | 5 8 |  8.2
Fighting       | 3 5 9 10 11 | 11.6
Armour         | 5 8 |  8.2
Throwing       | 5 9 10 11 | 11.0
Evocations     | 1 6 |  6.7
Stealth        | |  1.0

Action                   |  1- 3 |  4- 6 |  7- 9 | 10-12 | 13-15 || total
-------------------------+-------+-------+-------+-------+-------++-------
Melee: Unarmed           |    76 |   134 |   334 |   589 |   984 ||  2117
       Punch             |     2 |     2 |    23 |    39 |    86 ||   152
       Morningstar       |       |       |       |    21 |       ||    21
       Headbutt          |       |       |       |       |   109 ||   109
Throw: Dart              |       |       |       |     2 |       ||     2
       Javelin           |       |       |       |     5 |     4 ||     9
       Large rock        |       |       |       |       |     9 ||     9
Invok: Oozemancy         |       |       |       |       |     1 ||     1
       Slimify           |       |       |       |       |     1 ||     1
Evoke: Wand              |       |       |       |     8 |     1 ||     9
  Use: Potion            |       |       |     8 |    14 |     2 ||    24
       Scroll            |       |       |     4 |    20 |     5 ||    29
 Stab: Sleeping          |     2 |     1 |       |     2 |       ||     5
Armor: Robe              |    27 |    41 |    51 |     2 |       ||   121
       Steam dragon scal |       |       |       |    29 |       ||    29
       Pearl dragon scal |       |       |       |   224 |   338 ||   562
Dodge: Dodged            |    36 |    55 |   192 |   307 |   438 ||  1028
Block: Other             |       |       |       |   114 |   178 ||   292
       Reflection        |       |       |       |       |    14 ||    14

Table legend: (Time is in decaauts)
 A = Elapsed time spent in this place.
 B = Non-inter-level travel time spent in this place.
 C = Inter-level travel time spent in this place.
 D = Time resting spent in this place.
 E = Time spent auto-exploring this place.
 F = Levels seen in this place.
 G = Mean time per level.
                   A        B        C        D        E       F      G
               +--------+--------+--------+--------+--------+-----+--------+
         Total |  24625 |  22095 |   2530 |   1598 |  14858 |  31 |  794.4 |
       Dungeon |  14790 |  13336 |   1454 |    841 |   9547 |  15 |  986.0 |
          Lair |   7376 |   6494 |    882 |    743 |   3974 |   6 | 1229.3 |
    Slime Pits |    853 |    731 |    122 |      0 |    617 |   5 |  170.6 |
  Orcish Mines |   1262 |   1191 |     71 |     13 |    688 |   2 |  631.0 |
        Vaults |     32 |     32 |      0 |      0 |      0 |   1 |   32.0 |
         Trove |    142 |    142 |      0 |      0 |      4 |   1 |  142.0 |
       Ossuary |    166 |    166 |      0 |      0 |     27 |   1 |  166.0 |
               +--------+--------+--------+--------+--------+-----+--------+

Top non-repeatable levels by time:
  Lair:6: 1579 daAuts
    D:15: 1418 daAuts
    D:10: 1400 daAuts
  Lair:1: 1329 daAuts
  Lair:3: 1292 daAuts
     D:4: 1287 daAuts
  Lair:5: 1231 daAuts
     D:9: 1206 daAuts
     D:5: 1139 daAuts
     D:7: 1128 daAuts
    D:14: 1003 daAuts
  Lair:4: 978 daAuts
  Lair:2: 964 daAuts
     D:1: 961 daAuts
     D:8: 921 daAuts
